 Dungeon Crawl Stone Soup version 0.21.1-1-g345015fe64 (webtiles) character file.

31 Kholdaimon the Shooter (level 3, 0/28 HPs)
             Began as a Centaur Arcane Marksman on June 15, 2018.
             Succumbed to an adder's poison
             ... on level 2 of the Dungeon.
             The game lasted 00:12:59 (935 turns).

Kholdaimon the Shooter (Centaur Arcane Marksman)     Turns: 935, Time: 00:13:00

Health: 0/28       AC:  4    Str: 10    XL:     3   Next: 7%
Magic:  4/4        EV: 10    Int: 12    God:
Gold:   9          SH:  0    Dex: 10    Spells: 1/4 levels left

rFire    . . .     SeeInvis .   a - +0 shortbow
rCold    . . .     Gourm    .   (shield currently unavailable)
rNeg     . . .     Faith    +   e - +0 robe
rPois    .         Spirit   .   (no helmet)
rElec    .         Reflect  .   (no cloak)
rCorr    .         Harm     .   (no gloves)
MR       .....                  (no barding)
Stlth    +.........             k - amulet of faith
HPRegen  0.09/turn              b - -2 ring of strength (curse)
MPRegen  0.09/turn              (no ring)

@: lethally poisoned (0 -> -3), very quick
A: large, hooves 3, deformed body, speed 2, tough skin 3
a: no special abilities


You were on level 2 of the Dungeon.
You were not hungry.

You visited 1 branch of the dungeon, and saw 2 of its levels.

You collected 9 gold pieces.

Inventory:

Hand Weapons
 a - a +0 shortbow (weapon)
Missiles
 h - 24 stones (quivered)
Armour
 e - a +0 robe (worn)
 j - a +0 chain mail
Jewellery
 b - a cursed -2 ring of strength (left hand)
 k - an amulet of faith (around neck)
Scrolls
 l - 2 scrolls of identify {unknown}
Books
 c - a book of Debilitation

   Spells                             Type                      Level
   a - Corona                         Hexes                        1
   b - Slow                           Hexes                        2
   c - Inner Flame                    Hexes/Fire                   3
   d - Portal Projectile              Hexes/Translocation          3
   e - Cause Fear                     Hexes                        4
   f - Leda's Liquefaction            Hexes/Earth                  4
Comestibles
 f - 2 rations
 g - a chunk of flesh


   Skills:
 + Level 1.0 Fighting
 * Level 4.1 Bows
 + Level 1.5 Dodging
 + Level 1.0 Spellcasting
 + Level 3.0 Hexes


You had one spell level left.
You knew the following spells:

 Your Spells              Type           Power        Failure   Level  Hunger
a - Corona                Hex            #......      9%          1    ##.....
b - Slow                  Hex            #.......     13%         2    ###....


Dungeon Overview and Level Annotations

Branches:
Dungeon (2/15)

Altars:


Innate Abilities, Weirdness & Mutations

You have hooves in place of feet.
Armour fits poorly on your strangely shaped body.
You cover ground very quickly.
You have extremely tough skin. (AC +3)


Message History

Increase (S)trength, (I)ntelligence, or (D)exterity?
You feel agile.
* * * LOW HITPOINT WARNING * * *
You feel sick.
You see here 8 stones.
You see here a runed peridot ring.
b - a runed peridot ring You feel weaker.
Oops, that ring feels deathly cold.
b - a cursed -2 ring of strength (left hand)
You feel a strange surge of divine interest.
k - an amulet of faith (around neck)
* * * LOW HITPOINT WARNING * * *
You feel sick.
There is a lethal amount of poison in your body!
There is a lethal amount of poison in your body!
There is a lethal amount of poison in your body!
* * * LOW HITPOINT WARNING * * *
You feel sick.
You die...

.# .## ..
##.## .##
#...
....####..#
(.)..(.(..#
...%.$((@(#
#.#
######(###
#.# #.# #.#
#.# #.. #.#
#.# # #.#
##.#.# #.#
#.###..#.#
##.#######
#........#
#.........


There were no monsters in sight!

Vanquished Creatures
  An adder (D:2)
  2 bats
  A giant cockroach (D:2)
  A goblin (D:1)
  4 hobgoblins
  2 jackals (D:1)
  5 frilled lizards (D:1)
  4 kobolds (D:1)
  3 rats (D:1)
23 creatures vanquished.

Notes
Turn   | Place    | Note
-------+----------+-------------------------------------------
     0 | D:1      | Kholdaimon the Centaur Arcane Marksman began the quest for the Orb.
     0 | D:1      | Reached XP level 1. HP: 16/16 MP: 2/2
   205 | D:1      | Reached skill level 3 in Bows
   215 | D:1      | Reached XP level 2. HP: 23/23 MP: 3/3
   287 | D:1      | Learned a level 2 spell: Slow
   922 | D:2      | Reached skill level 4 in Bows
   922 | D:2      | Reached XP level 3. HP: 3/28 MP: 4/4
   927 | D:2      | HP: 1/28 [poisoned by an adder]
   935 | D:2      | Succumbed to an adder's poison

Skill      XL: |  1  2 |
---------------+-------+-----
Bows           | 3 4 |  4.1
Hexes          | 3 |  3.0
Fighting       | |  1.0
Dodging        | |  1.5
Spellcasting   | |  1.0

Action                   || total
-------------------------++-------
 Fire: Shortbow          ||    75
Throw: Stone             ||    28
 Cast: Corona            ||     5
  Use: Potion            ||     3
Armor: Robe              ||    20
Dodge: Dodged            ||    38
